 Dungeon Crawl Stone Soup version 0.26-a0-778-g3fe0686644 (webtiles) character file.

Game seed: 858663973687649998

88 marklar909 the Ruffian (level 4, -7/35 HPs)
             Began as a Draconian Transmuter on Nov 10, 2020.
             Killed by divine providence
             ... invoked by an orc priest
              (10 damage)
             ... on level 4 of the Dungeon.
             The game lasted 00:04:39 (2586 turns).

marklar909 the Ruffian (Draconian Transmuter)       Turns: 2586, Time: 00:04:40

Health: -7/35      AC:  9    Str: 14    XL:     4   Next: 30%
Magic:  7/7        EV: 12    Int: 13    God:
Gold:   167        SH:  0    Dex: 11    Spells: 5/8 levels left

rFire    . . .     SeeInvis .   d - +1 whip
rCold    . . .     Faith    .   (no shield)
rNeg     . . .     Spirit   .   (armour unavailable)
rPois    .         Reflect  .   (helmet restricted)
rElec    .         Harm     .   (no cloak)
rCorr    .         Rampage  .   p - +1 pair of gloves
MR       .....                  g - +1 pair of boots
Stlth    +.........             (no amulet)
HPRegen  0.11/turn              (no ring)
MPRegen  0.10/turn              j - ring of wizardry

@: no status effects
A: unfitting armour, cold-blooded, AC +5
a: no special abilities


You were on level 4 of the Dungeon.
You visited 1 branch of the dungeon, and saw 4 of its levels.

You collected 167 gold pieces.

Inventory:

Hand Weapons
 d - a +1 whip (weapon)
Armour
 b - a +0 kite shield
 g - a +1 pair of boots (worn)
 p - a +1 pair of gloves (worn)
Jewellery
 j - a ring of wizardry (right hand)
Wands
 h - a wand of acid (1)
Scrolls
 a - a scroll of blinking
 c - a scroll of amnesia
 e - 2 scrolls of identify
 f - 2 scrolls of remove curse
Potions
 i - a potion of heal wounds {unknown}
 m - a potion of degeneration {unknown}
 q - a potion of curing
 r - 2 potions of lignification


   Skills:
 + Level 1.1 Fighting
 + Level 0.8 Maces & Flails
 + Level 2.6 Dodging
 * Level 1.2 Shields
 + Level 3.2 Unarmed Combat
 + Level 2.5 Spellcasting
 + Level 2.7 Transmutations


You had 5 spell levels left.
You knew the following spells:

 Your Spells              Type           Power        Failure   Level
a - Beastly Appendage     Tmut           #.....       3%          1
b - Wereblood             Tmut           #.......     4%          2

Your spell library contained the following spells:

 Spells                   Type           Power        Failure   Level
 Spider Form              Tmut/Pois      #.........   16%         3
 Ice Form                 Ice/Tmut       #.......     45%         4
 Blade Hands              Tmut           #.........   61%         5


Dungeon Overview and Level Annotations

Branches:
Dungeon (4/15)
 Temple: D:4-7

Altars:


Innate Abilities, Weirdness & Mutations

Your plain brown scales are hard. (AC +5)
You cannot fit into any form of body armour.
You are cold-blooded and may be slowed by cold attacks.


Message History

Unknown command.
It was a potion of curing.
You feel better. Something hits you but does no damage.
The orc priest invokes the aid of Beogh against you.
Beogh smites you!
* * * LOW HITPOINT WARNING * * *
Evoke which item? (* to show all) (? for menu, Esc to quit)
Press: ? - help, Shift-Dir - straight line, f - orc priest
Aim: an orc priest, wielding a +0 mace and wearing a +0 scale mail The bolt of acid misses the orc.
The bolt of acid hits the orc!
The orc is splashed with acid!
The acid corrodes the orc!
You kill the orc!
The bolt of acid hits the orc priest.
The orc priest is splashed with acid.
The acid corrodes the orc priest!
The orc priest is severely wounded.
You hear some strange, mumbled words.
Something tries to affect you, but you resist.
The orc priest calls down the wrath of Beogh upon you.
Beogh smites you!
You die...

#.............
####.####o###S.##
+...S..........#
####o####.###.## #)#
#..# ###########.# ##.#
#.........#.## .#
#.#######.o..# .#
####'#### #..@.# ..
#.......# #....# .
#.......# #....#
#.......# #....######
#.......# #.........#
###.......######.#####.#
..'.......'......# #.#
###.......######## #.#
#.......# ######.#


You could see an orc priest (corroded), an adder and an orc.

Vanquished Creatures
  A gnoll (D:1)
  An adder (D:3)
  2 worms (D:2)
  5 dart slugs
  2 leopard geckos
  An orc (D:4)
  4 bats
  2 giant cockroaches
  8 goblins
  7 hobgoblins
  2 jackals (D:3)
  3 frilled lizards
  7 kobolds
  4 rats
49 creatures vanquished.

Notes
Turn   | Place    | Note
-------+----------+-------------------------------------------
     0 | D:1      | marklar909 the Draconian Transmuter began the quest for the
                  | Orb.
     0 | D:1      | Reached XP level 1. HP: 16/16 MP: 3/3
     0 | D:1      | Noticed a red draconian
     1 | D:1      | Noticed an orb of fire
     3 | D:1      | Noticed an orb of fire
     6 | D:1      | Noticed a red draconian
     7 | D:1      | Noticed an ice dragon
     8 | D:1      | Noticed a tentacled monstrosity
     9 | D:1      | Noticed an ice dragon
    11 | D:1      | Noticed a shadow dragon
    13 | D:1      | Noticed an orb of fire
    13 | D:1      | Noticed a tentacled monstrosity
    14 | D:1      | Noticed a shadow dragon
    16 | D:1      | Noticed an ice dragon
    18 | D:1      | Noticed a large abomination
    18 | D:1      | Noticed a purple draconian
    20 | D:1      | Noticed a tentacled monstrosity
    20 | D:1      | Noticed a tentacled monstrosity
    24 | D:1      | Noticed an ice dragon
   177 | D:1      | Reached XP level 2. HP: 23/23 MP: 3/5
   333 | D:1      | Reached XP level 3. HP: 24/28 MP: 4/6
   613 | D:2      | Learned a level 2 spell: Wereblood
  1337 | D:2      | Noticed an ogre
  1660 | D:3      | Reached skill level 1 in Shields
  1660 | D:3      | Reached XP level 4. HP: 34/35 MP: 4/7
  2586 | D:4      | Killed from afar by an orc priest

Illustrated notes

Levels and vault maps discovered:
D:1:      shiori_arrival_whats_in_store_for_you, layout_rooms,
          minmay_pentomino_p4
D:2:      layout_basic
D:3:      layout_rooms, minmay_misc_feat_diagonals
D:4:      layout_basic, serial_shops, kennysheep_mini_moat

Skill      XL: |  1  2  3 |
---------------+----------+-----
Dodging        | 2 |  2.6
Shields        | 1 |  1.2
Fighting       | |  1.1
Maces & Flails | |  0.8
Unarmed Combat | |  3.2
Spellcasting   | |  2.5
Transmutations | |  2.7

Action                   |  1- 3 |  4- 6 || total
-------------------------+-------+-------++-------
Melee: Unarmed           |    15 |       ||    15
       Kick              |    18 |     5 ||    23
       Whip              |   111 |    27 ||   138
       Tailslap          |    16 |     3 ||    19
       Headbutt          |    14 |     3 ||    17
       Punch             |     2 |       ||     2
 Cast: Beastly Appendage |    23 |     8 ||    31
       Wereblood         |     8 |     6 ||    14
Evoke: Wand              |       |     1 ||     1
  Use: Scroll            |     1 |    10 ||    11
       Potion            |       |     1 ||     1
 Stab: Sleeping          |     1 |       ||     1
Armor: Skin              |    44 |     9 ||    53
Dodge: Dodged            |    88 |    14 ||   102

Table legend: (Time is in decaauts)
 A = Elapsed time spent in this place.
 B = Non-inter-level travel time spent in this place.
 C = Inter-level travel time spent in this place.
 D = Time resting spent in this place.
 E = Time spent auto-exploring this place.
 F = Levels seen in this place.
 G = Mean time per level.
                   A        B        C        D        E       F      G
               +--------+--------+--------+--------+--------+-----+--------+
         Total |   2594 |   2550 |     44 |     42 |   1986 |   4 |  648.5 |
       Dungeon |   2594 |   2550 |     44 |     42 |   1986 |   4 |  648.5 |
               +--------+--------+--------+--------+--------+-----+--------+

Top non-repeatable levels by time:
     D:3: 1101 daAuts
     D:2: 783 daAuts
     D:1: 599 daAuts
     D:4: 110 daAuts
